 Dungeon Crawl Stone Soup version 0.20-a0-1114-g33edf32 (webtiles) character file.

150 Monsterracer the Changer (level 5, -8/44 HPs)
             Began as a Naga Transmuter on May 6, 2017.
             Mangled by an orc
             ... wielding a +0 dagger of electrocution
              (11 damage)
             ... on level 3 of the Dungeon.
             The game lasted 00:09:51 (2713 turns).

Monsterracer the Changer (Naga Transmuter)          Turns: 2713, Time: 00:09:52

Health: -8/44      AC:  3    Str: 13    XL:     5   Next: 32%
Magic:  2/8        EV: 10    Int: 14    God:
Gold:   152        SH:  0    Dex: 11    Spells: 4/8 levels left

rFire    . . .     SeeInvis +     - Unarmed
rCold    . . .     Gourm    .   (no shield)
rNeg     . . .     Faith    .   b - +0 robe
rPois    +         Spirit   .   (no helmet)
rElec    .         Reflect  .   (no cloak)
rCorr    .         Harm     .   s - +0 pair of gloves
MR       .....                  (no barding)
Stlth    +.........             g - amulet of magic regeneration
Regen    0.2/turn               (no ring)
MPRegen  0.2/turn               (no ring)

@: very slightly contaminated, very slow
A: see invisible, deformed body, poison resistance, slowness 2, slow metabolism
1, spit poison 1, AC +1
a: Spit Poison


You were on level 3 of the Dungeon.
You were hungry.

You visited 1 branch of the dungeon, and saw 3 of its levels.

You collected 152 gold pieces.

Inventory:

Armour
 b - a +0 robe (worn)
 k - a cursed +0 ring mail
 l - a cursed -1 leather armour
 n - a +0 buckler
 s - a +0 pair of gloves (worn)
Jewellery
 f - an uncursed ring of teleportation
 g - an amulet of magic regeneration (around neck)
Scrolls
 e - a scroll of random uselessness {unknown}
 h - a scroll of enchant armour {unknown}
 i - a scroll of enchant weapon {unknown}
 j - a scroll of fear {unknown}
 m - a scroll of identify {unknown}
 o - a scroll of remove curse
 p - 2 scrolls of amnesia {unknown}
 r - a scroll of fog {unknown}
Potions
 a - 2 potions of heal wounds
Books
 c - a book of Changes

   Spells                             Type                      Level
   a - Beastly Appendage              Transmutation                1
   b - Sticks to Snakes               Transmutation                2
   c - Spider Form                    Transmutation/Poison         3
   d - Ice Form                       Ice/Transmutation            4
   e - Blade Hands                    Transmutation                5
Comestibles
 d - 2 bread rations
 q - a royal jelly
 t - a chunk of flesh


   Skills:
 - Level 1.0 Fighting
 - Level 1.5 Dodging
 - Level 3.0 Unarmed Combat
 - Level 2.0 Spellcasting
 + Level 5.3 Transmutations


You had 4 spell levels left.
You knew the following spells:

 Your Spells              Type           Power        Failure   Level  Hunger
a - Beastly Appendage     Tmut           ###...       2%          1    ##.....
b - Spider Form           Tmut/Pois      #.........   24%         3    ####...


Dungeon Overview and Level Annotations

Branches:
Dungeon (3/15)

Altars:


Innate Abilities, Weirdness & Mutations

You cannot wear boots.
Your serpentine skin is tough. (AC +1)
You have supernaturally acute eyesight. (SInv)
Armour fits poorly on your strangely shaped body.
Your system is resistant to poisons. (rPois)
You cover ground very slowly.
You have a slow metabolism.
You can spit poison.


Message History

Confirm with . or Enter, or press ? or * to list all spells.
You miscast Spider Form.
Waves of light ripple over your body.
You are feeling hungry.
The orc hits you but does no damage.
The orc hits you with a dagger of electrocution.
* * * LOW HITPOINT WARNING * * *
The orc wizard barely misses you. The ooze hits you but does no damage.
Okay, then.
The orc completely misses you. The ooze closely misses you.
A rat comes into view.
The ooze hits you.
* * * LOW HITPOINT WARNING * * *
The ooze hits you.
* * * LOW HITPOINT WARNING * * *
Your horns disappear.
The ooze barely misses you.
The orc hits you with a dagger of electrocution.
* * * LOW HITPOINT WARNING * * *
You are electrocuted!
You die...

##....###.......#..##.....##
#......#...###.#..##.....##
#...........##.............#
#.........o.......##.......#
#..........o...(..##.......#
#....!...........)###.....##
............oo....##...##
.......#....Jo###...####
.......##..#.@# ###...####
...... #.....# #......# ....
##....# #......#
#....#####......#
.#.......###.#####
.........##..#
............##
........).####
..........#####


You could see an orc wizard (invisible), an ooze and 4 orcs.

Vanquished Creatures
  Jessica (D:2)
  Natasha (D:1)
  3 adders
  An ooze (D:1)
  A worm (D:2)
  3 dart slugs
  2 leopard geckos (D:1)
  A giant cockroach (D:1)
  7 goblins
  6 hobgoblins
  8 jackals
  A quokka (D:3)
  A ball python (D:1)
  7 bats
  4 frilled lizards
  5 kobolds
  6 rats
58 creatures vanquished.

Notes
Turn   | Place    | Note
-------+----------+-------------------------------------------
     0 | D:1      | Monsterracer the Naga Transmuter began the quest for the Orb.
     0 | D:1      | Reached XP level 1. HP: 18/18 MP: 3/3
   206 | D:1      | Reached XP level 2. HP: 23/25 MP: 3/5
   356 | D:1      | Reached skill level 3 in Transmutations
   503 | D:1      | Reached XP level 3. HP: 31/31 MP: 6/6
   508 | D:1      | Learned a level 3 spell: Spider Form
  1439 | D:1      | Reached skill level 4 in Transmutations
  1548 | D:2      | Noticed Natasha
  1569 | D:1      | Killed Natasha
  1569 | D:1      | Reached XP level 4. HP: 18/38 MP: 7/7
  1776 | D:2      | Noticed Jessica
  1786 | D:2      | Killed Jessica
  1878 | D:2      | Reached skill level 5 in Transmutations
  1991 | D:2      | Reached XP level 5. HP: 31/44 MP: 8/8
  2713 | D:3      | Mangled by an orc

Vault maps used:
D:1:      lemuel_arrival_river_ford
D:2:      first_bread, uniq_jessica, uniq_natasha
D:3:      grunt_temple_overflow_champion_of_chaos,
          gammafunk_temple_overflow_elements

Skill      XL: |  1  2  3  4 |
---------------+-------------+-----
Transmutations | 3 4 5 |  5.3
Fighting       | |  1.0
Dodging        | |  1.5
Unarmed Combat | |  3.0
Spellcasting   | |  2.0

Action                   |  1- 3 |  4- 6 || total
-------------------------+-------+-------++-------
Melee: Unarmed           |   107 |    51 ||   158
       Headbutt          |     9 |     3 ||    12
       Punch             |     1 |       ||     1
 Cast: Beastly Appendage |    14 |     6 ||    20
       Spider Form       |       |     2 ||     2
 Abil: Spit Poison       |    18 |    23 ||    41
  Use: Potion            |     2 |     2 ||     4
       Scroll            |       |     1 ||     1
 Stab: Sleeping          |       |     1 ||     1
  Eat: Chunk             |     2 |     5 ||     7
Armor: Robe              |    25 |    13 ||    38
Dodge: Dodged            |    66 |    42 ||   108
